 Dungeon Crawl Stone Soup version 0.28.0-53-g5a82cb258f (webtiles) character file.

Game seed: 6853271283162278654

13380 DildoBatman the Protected (level 12, -4/92 (94) HPs)
             Began as a Formicid Conjurer on July 13, 2022.
             Was an Elder of Kikubaaqudgha.
             Slain by a sun demon (9 damage)
             ... summoned by an orc sorcerer
             ... on level 2 of the Orcish Mines.
             The game lasted 01:05:39 (13486 turns).

DildoBatman the Protected (Formicid Conjurer)      Turns: 13486, Time: 01:05:40

HP:   -4/92 (94)    AC:  8    Str: 11    XL:     12   Next: 32%
MP:   10/20         EV: 14    Int: 20    God:    Kikubaaqudgha [****..]
Gold: 874           SH:  0    Dex: 13    Spells: 5/25 levels left

rFire   + . .      SeeInvis +   a - +3 mace (protect)
rCold   . . .      Faith    .   (no shield)
rNeg    + . .      Spirit   .   o - +0 troll leather armour
rPois   .          Reflect  .   (helmet unavailable)
rElec   .          Harm     .   (no cloak)
rCorr   .          Rampage  .   (no gloves)
Will    +....                   h - +1 pair of boots
Stlth   ++........              (no amulet)
HPRegen 1.05/turn               L - ring of protection from fire
MPRegen 0.17/turn               l - ring of positive energy

@: lightly drained
A: permanent stasis, dig shafts and tunnels, antennae 3, four strong arms, low
MP 1, mutation resistance 1
a: Dig, Shaft Self, Renounce Religion, Receive Corpses


You were on level 2 of the Orcish Mines.
You worshipped Kikubaaqudgha.
Kikubaaqudgha was greatly pleased with you.
You visited 3 branches of the dungeon, and saw 12 of its levels.

You collected 1116 gold pieces.
You spent 242 gold pieces at shops.

Inventory:

Hand Weapons
 a - a +3 mace of protection (weapon)
 b - a +0 hunting sling
 d - a +0 long sword
 e - a +1 vorpal glaive
 f - a +2 vorpal dire flail
 u - a +1 flail of venom
Missiles
 i - 80 sling bullets
 n - 7 boomerangs
 s - 237 arrows
 t - 18 poisoned darts
 A - 334 stones
 E - 3 curare-tipped darts (quivered)
 K - 28 bolts
Armour
 h - a +1 pair of boots (worn)
 o - a +0 troll leather armour (worn)
 v - the +0 ring mail of the Beekeeper {Will+}
   (You found it on level 4 of the Dungeon)

   Will:      It increases your willpower.
Jewellery
 g - a ring of wizardry
 k - a ring of willpower
 l - a ring of positive energy (right hand)
 J - a ring of ice
 L - a ring of protection from fire (left hand)
Wands
 F - a wand of flame (10)
Scrolls
 j - 2 scrolls of holy word
 p - a scroll of fog
 q - 3 scrolls of amnesia
 r - 3 scrolls of immolation
 C - a scroll of magic mapping
 M - a scroll of fear
Potions
 m - a potion of heal wounds {unknown}
 w - a potion of curing
 x - a potion of ambrosia
 B - 2 potions of brilliance
 D - 2 potions of might
 I - a potion of resistance {unknown}


   Skills:
 * Level 8.6 Fighting
 * Level 9.3 Armour
 - Level 7.0 Dodging
 - Level 2.4 Stealth
 - Level 7.0 Spellcasting
 - Level 6.0 Conjurations
 - Level 6.0 Hexes
 - Level 9.0 Necromancy


You had 5 spell levels left.
You knew the following spells:

 Your Spells              Type           Power      Damage    Failure   Level
a - Searing Ray           Conj           62%        2d6       1%          2
b - Dazzling Flash        Conj/Hex       62%        N/A       3%          3
c - Magic Dart            Conj           100%       1d8       1%          1
d - Anguish               Hex/Necr       18%        N/A       5%          4
e - Animate Dead          Necr           21%        N/A       2%          4
h - Dispel Undead         Necr           43%        3d17      2%          4
z - Sublimation of Blood  Necr           43%        N/A       1%          2

Your spell library contained the following spells:

 Spells                   Type           Power      Damage    Failure   Level
 Animate Skeleton         Necr           86%        N/A       1%          1
 Pain                     Necr           100%       1d9       1%          1
 Corpse Rot               Necr/Air       50%        N/A       2%          2
 Excruciating Wounds      Necr           21%        N/A       8%          5
 Fulminant Prism          Conj/Hex       15%        3d11      10%         4
 Poisonous Vapours        Pois/Air       14%        N/A       17%         2
 Iskenderun's Mystic Bla  Conj/Tloc      19%        2d6       32%         4
 Simulacrum               Ice/Necr       12%        N/A       95%         6


Dungeon Overview and Level Annotations

Branches:
Dungeon (9/15)             Temple (1/1) D:6             Orc (2/2) D:9
    Elf (0/3) Orc:2
   Lair: D:8-11

Altars:
Ashenzari
Elyvilon
Hepliaklqana
Kikubaaqudgha
Makhleb
Nemelex Xobeh
Okawaru
Ru
Uskayaw
Vehumet
Wu Jian
Xom
Zin
Beogh

Shops:
D:4 ?   D:5 !   D:9 =

Annotations:
D:7 exclusion: angel
D:8 Erica


Innate Abilities, Weirdness & Mutations

You cannot be hasted, slowed, berserked, paralysed or teleported.
You can dig through walls and to a lower floor.
You have a pair of large antennae on your head. (SInv)
Your four strong arms can wield two-handed weapons with a shield.
Your magical capacity is low. (-10% MP)
You are somewhat resistant to further mutation.


Message History

Aim: an orc sorcerer, wielding a +0 dagger and wearing a +0 robe (moderately wounded, blind, 74% to hit)
The searing ray hits the orc sorcerer.
The orc sorcerer is moderately wounded. (Press . to maintain the ray.)
The orc sorcerer hits you with a +0 dagger.
The searing ray hits the orc sorcerer.
The orc sorcerer is heavily wounded.
The orc sorcerer mumbles some strange words.
The searing ray hits the orc sorcerer but does no damage.
The orc sorcerer is heavily wounded.
The orc sorcerer hits you but does no damage.
The sun demon hits you!
You are engulfed in flames!
You remove your ring of wizardry.
L - a ring of protection from fire (left hand)
The sun demon closely misses you.
The orc sorcerer gestures at you while chanting.
The bolt of fire hits you! You resist.
The orc sorcerer is no longer blind.
The orc sorcerer closely misses you. The sun demon completely misses you.
The sun demon hits you!
You are engulfed in flames!
You resist. The sun demon hits you!
You are engulfed in flames!
You resist.
You feel better.
The sun demon hits you but does no damage.
The orc sorcerer gestures at you while chanting.
The bolt of negative energy hits the sun demon.
The sun demon completely resists.
The bolt of negative energy misses you.
The orc sorcerer casts a spell.
The sun demon hits you!!
You are engulfed in flames!
You resist.
You die...
Kikubaaqudgha rasps: "You have failed me!
Welcome... death!"

#....................#......)..[.
##...............................
#...............................
##...............................
#..............<...._............
##...............................
#................................
#.....................^.#........
##...#..........@................
#...............3................
##...............................
#.................o....#........
#............#...#............##
#..................[...#...#....
##...............4....)###.###...
#.......................####*####
#......>............[....# **≈***


You could see a sun demon (summoned), a hellwing (summoned) and an orc sorcerer.

Vanquished Creatures
  3 orc knights (Orc:1)
  3 orc sorcerers
  4 trolls
  A wyvern (D:9)
  13 yaks
  4 vampire mosquitoes
  A steam dragon (D:7)
  7 wargs
  4 water moccasins
  An ice beast (D:6)
  16 orc warriors
  A sky beast (D:7)
  8 ogres
  The ghost of DildoBatman the Conjurer, an amateur FoCj (D:4)
  9 centaurs
  2 phantoms
  4 kobold brigands
  2 bullfrogs
  Blork the orc (D:6)
  A scorpion (D:6)
  A gnoll sergeant (D:9)
  A water moccasin zombie (D:6)
  A wyvern skeleton (D:6)
  4 killer bees (D:9)
  A howler monkey (D:6)
  A crimson imp (D:6)
  A bullfrog zombie (D:6)
  4 hounds
  A centaur zombie (D:9)
  2 bullfrog skeletons
  A centaur skeleton (D:7)
  2 gnoll shamans (D:5)
  8 orc priests
  6 iguanas
  13 orc wizards
  A hound zombie (D:5)
  3 howler monkey zombies
  9 adders
  15 gnolls
  A white imp (D:8)
  An ufetubus (D:5)
  3 dart slugs
  52 orcs
  5 bats
  7 endoplasms
  2 giant cockroaches
  9 goblins
  9 hobgoblins
  3 jackals (D:4)
  24 kobolds
  5 quokkas
  7 ball pythons
  6 rats
  A butterfly (D:8)
296 creatures vanquished.

Vanquished Creatures (others)
  An orc knight (D:8)
  2 fungi (D:8)
  7 plants (D:6)
  4 toadstools (D:8)
14 creatures vanquished.

Grand Total: 310 creatures vanquished

Notes
Turn   | Place    | Note
-------+----------+-------------------------------------------
     0 | D:1      | DildoBatman the Formicid Conjurer began the quest for the
                  | Orb.
     0 | D:1      | Reached XP level 1. HP: 13/13 MP: 3/3
    90 | D:1      | Reached XP level 2. HP: 16/20 MP: 0/5
    93 | D:1      | Learned a level 2 spell: Searing Ray
   329 | D:1      | Reached skill level 1 in Armour
   344 | D:1      | Reached XP level 3. HP: 17/25 MP: 4/6
   391 | D:1      | Reached skill level 1 in Fighting
   646 | D:2      | Found a faded altar of an unknown god.
   999 | D:2      | Reached XP level 4. HP: 33/33 MP: 2/8
  1331 | D:3      | Reached XP level 5. HP: 38/38 MP: 4/9
  1921 | D:4      | Noticed an ogre
  1967 | D:4      | Reached XP level 6. HP: 33/46 MP: 1/11
  2104 | D:3      | Killed an ogre
  2341 | D:4      | Found a shimmering altar of Xom.
  2341 | D:4      | Found an ornate altar of the Wu Jian Council.
  2387 | D:4      | Identified the +0 ring mail of the Beekeeper {Will+}
  2395 | D:4      | Found a sacrificial altar of Ru.
  2414 | D:4      | Found Quygan's Magic Scroll Boutique.
  2426 | D:4      | Bought a scroll of noise for 14 gold pieces
  2504 | D:4      | Noticed an ogre
  2553 | D:4      | Killed an ogre
  2554 | D:4      | Reached skill level 5 in Conjurations
  2554 | D:4      | Reached XP level 7. HP: 36/52 MP: 5/13
  2560 | D:4      | Found a runed translucent gate.
  2561 | D:4      | Found a runed translucent gate.
  2561 | D:4      | Noticed DildoBatman's ghost (amateur FoCj)
  2562 | D:4      | Found a runed translucent gate.
  2569 | D:4      | Found an ancient bone altar of Kikubaaqudgha.
  2794 | D:5      | Entered Level 5 of the Dungeon
  2797 | D:5      | Found an iron altar of Okawaru.
  2830 | D:5      | Found Oloilye's Distillery.
  2838 | D:5      | Bought a potion of flight for 36 gold pieces
  2838 | D:5      | Gained mutation: Your system is resistant to poisons.
                  | (rPois) [potion of mutation]
  2838 | D:5      | Gained mutation: You passively map a small area around you.
                  | [potion of mutation]
  2838 | D:5      | Gained mutation: You are partially covered in iridescent
                  | scales. (AC +2) [potion of mutation]
  2841 | D:5      | Bought a potion of mutation for 96 gold pieces
  2911 | D:4      | Became a worshipper of Kikubaaqudgha
  3132 | D:5      | Noticed a water moccasin
  3144 | D:5      | Killed a water moccasin
  3184 | D:5      | Reached skill level 5 in Spellcasting
  3248 | D:5      | Reached XP level 8. HP: 58/58 MP: 8/15
  4157 | D:5      | Reached * piety under Kikubaaqudgha
  4157 | D:5      | Received a gift from Kikubaaqudgha
  4287 | D:5      | Learned a level 2 spell: Sublimation of Blood
  4602 | D:6      | Reached XP level 9. HP: 53/65 MP: 8/19
  4654 | D:6      | Found a staircase to the Ecumenical Temple.
  4664 | Temple   | Entered the Ecumenical Temple
  4849 | D:6      | Noticed Blork the orc
  4858 | D:6      | Killed Blork the orc
  4909 | D:6      | Found a hazy altar of Hepliaklqana.
  5159 | D:6      | Found a radiant altar of Vehumet.
  5160 | D:6      | Found a burning altar of Makhleb.
  5163 | D:6      | Reached skill level 5 in Armour
  5168 | D:6      | Reached skill level 5 in Fighting
  6045 | D:7      | Reached ** piety under Kikubaaqudgha
  6161 | D:7      | Found a glowing silver altar of Zin.
  6161 | D:7      | Noticed an angel
  6358 | D:4      | Killed DildoBatman's ghost
  6661 | D:8      | Noticed Erica
  6746 | D:7      | Reached XP level 10. HP: 76/76 MP: 18/20
  6784 | D:8      | Reached skill level 5 in Dodging
  6870 | D:8      | Found a white marble altar of Elyvilon.
  6986 | D:8      | Found a broken altar of Ashenzari.
  7611 | D:9      | Lost mutation: Your system is resistant to poisons. (rPois)
                  | [potion of mutation]
  7611 | D:9      | Lost mutation: You passively map a small area around you.
                  | [potion of mutation]
  7611 | D:9      | Gained mutation: You passively map a small area around you.
                  | [potion of mutation]
  7611 | D:9      | Gained mutation: Your magical capacity is low. (-10% MP)
                  | [potion of mutation]
  7611 | D:9      | Gained mutation: You are somewhat resistant to further
                  | mutation. [potion of mutation]
  7828 | D:9      | Reached skill level 5 in Necromancy
  7841 | D:9      | Found Poycw's Jewellery Boutique.
  7946 | D:9      | Reached *** piety under Kikubaaqudgha
  7946 | D:9      | Received a gift from Kikubaaqudgha
  7952 | D:9      | Learned a level 4 spell: Animate Dead
  8106 | D:9      | Reached XP level 11. HP: 53/83 MP: 10/19
  8229 | D:9      | Learned a level 4 spell: Dispel Undead
  8320 | D:9      | HP: 4/83 [orc warrior/+0 war axe (12)]
  8870 | D:9      | Found a staircase to the Orcish Mines.
  9833 | D:5      | Bought a potion of ambrosia for 96 gold pieces
  9833 | D:5      | Lost mutation: You are partially covered in iridescent
                  | scales. (AC +2) [potion of mutation]
  9833 | D:5      | Lost mutation: You passively map a small area around you.
                  | [potion of mutation]
 10077 | Orc:1    | Entered Level 1 of the Orcish Mines
 10168 | Orc:1    | Learned a level 4 spell: Anguish
 10172 | Orc:1    | Learned a level 3 spell: Dazzling Flash
 10267 | Orc:1    | Reached skill level 1 in Hexes
 10319 | Orc:1    | Noticed an orc sorcerer
 10352 | D:9      | Killed an orc sorcerer
 10492 | Orc:1    | Noticed an orc knight
 10523 | D:9      | Reached **** piety under Kikubaaqudgha
 10599 | D:8      | Killed an orc knight
 10765 | Orc:1    | Reached skill level 5 in Hexes
 10893 | Orc:2    | Entered Level 2 of the Orcish Mines
 11477 | Orc:2    | Noticed an orc knight
 11535 | Orc:1    | Killed an orc knight
 12036 | Orc:2    | Noticed an orc sorcerer
 12064 | Orc:2    | Noticed a sun demon
 12066 | Orc:2    | Killed an orc sorcerer
 12187 | Orc:2    | Noticed an orc sorcerer
 12193 | Orc:2    | Noticed an orc knight
 12207 | Orc:2    | Noticed a sun demon
 12329 | Orc:1    | Reached XP level 12. HP: 41/92 MP: 6/20
 12775 | Orc:2    | Noticed a soul eater
 12779 | Orc:1    | Noticed a soul eater
 13265 | Orc:2    | Found a staircase to the Elven Halls.
 13464 | Orc:2    | Noticed a sun demon
 13486 | Orc:2    | Slain by a sun demon

Illustrated notes

Levels and vault maps discovered:
D:1:      dpeg_arrival_boxorama, layout_rooms, minmay_cut_off
D:2:      cheibrodos_greedy_goblins, layout_basic,
          hellmonk_ecumenical_altar_pennies_from_heaven
D:3:      layout_rooms
D:4:      layout_rooms, chequers_temple_overflow_statue_of_worship,
          mainiacjoe_overflow_alcove_2, general_overflow_altar, serial_shops,
          nicolae_shop_stone, gammafunk_ghost_nasty_kobolds, minmay_circle_x
D:5:      wad_lake_hut, layout_loops_corners, mainiacjoe_overflow_brackets,
          serial_shops, kennysheep_little_box
D:6:      layout_loops_ring, grunt_temple_overflow_lords_of_destruction,
          nicolae_hepliaklqana_hazy_memory,
          minmay_temple_entry_drinking_statues, patterned_corridor,
          uniq_blork_the_orc
D:7:      layout_basic, zin_angel
D:8:      layout_cave_pools, nicolae_ashenzari_panopticon,
          nicolae_elyvilon_peaceful_grove, serial_glass, glass_columns_b,
          glass_columns_b, glass_columns_b, glass_columns_a, glass_columns_b,
          glass_columns_c, minmay_gold_behind_fungi, grunt_decor_resistance,
          uniq_erica
D:9:      layout_roguey, david_orc_1_choice, serial_shops, shop
Temple:   compressed_dpeg_triangle_lava_temple
Orc:1:    layout_caves, nicolae_orc_tapped_out
Orc:2:    kennysheep_orc_mage_school, layout_caves, basic_altar, uniq_urug

Skill      XL: |  1  2  3  4  5  6  7  8  9 10 11 12 |
---------------+-------------------------------------+-----
Dodging        | 2 3 4 5 6 7 |  7.0
Armour         | 1 2 3 4 6 7 8 9 |  9.3
Fighting       | 1 2 3 4 6 7 8 |  8.6
Conjurations   | 4 5 6 |  6.0
Spellcasting   | 3 4 5 7 |  7.0
Necromancy     | 7 9 |  9.0
Hexes          | 6 |  6.0
Stealth        | |  2.4

Action                   |  1- 3 |  4- 6 |  7- 9 | 10-12 || total
-------------------------+-------+-------+-------+-------++-------
Melee: Dagger            |    40 |     2 |       |       ||    42
       Punch             |     1 |       |     1 |     4 ||     6
       Mace              |       |    21 |   131 |   294 ||   446
 Fire: Hunting sling     |       |       |    39 |       ||    39
Throw: Boomerang         |       |     5 |       |     6 ||    11
       Dart              |       |       |       |   192 ||   192
 Cast: Magic Dart        |    26 |    40 |     9 |    26 ||   101
       Searing Ray       |     5 |    17 |    46 |   121 ||   189
       Dispel Undead     |       |       |       |    12 ||    12
       Sublimation of Bl |       |       |       |     4 ||     4
       Anguish           |       |       |       |     2 ||     2
       Dazzling Flash    |       |       |       |     2 ||     2
 Abil: Dig               |       |     1 |     1 |     4 ||     6
  Use: Scroll            |       |       |     4 |    14 ||    18
       Potion            |       |       |     2 |     5 ||     7
 Stab: Sleeping          |     2 |       |     1 |     1 ||     4
       Distracted        |       |       |       |     1 ||     1
Armor: Robe              |    13 |    12 |     2 |       ||    27
       Ring mail         |       |       |   130 |       ||   130
       Skin              |       |       |     1 |       ||     1
       Steam dragon scal |       |       |    34 |   221 ||   255
       Troll leather arm |       |       |       |    39 ||    39
Dodge: Dodged            |    28 |    35 |   167 |   502 ||   732
